 Dungeon Crawl Stone Soup version 0.24.1 (webtiles) character file.

Game seed: 8561139143278746563, levelgen mode: deterministic

2477 markt42 the Basher (level 9, -2/52 HPs)
             Began as a Gargoyle Fighter on Apr 5, 2020.
             Was a Priest of Okawaru.
             Slain by a scorpion (5 damage)
             ... on level 7 of the Dungeon.
             The game lasted 00:08:52 (6609 turns).

markt42 the Basher (Gargoyle Fighter)               Turns: 6609, Time: 00:08:53

Health: -2/52      AC: 26    Str: 23    XL:     9   Next: 51%
Magic:  9/9        EV:  7    Int: 11    God:    Okawaru [***...]
Gold:   394        SH: 10    Dex:  9    Spells: 8/8 levels left

rFire    . . .     SeeInvis .   z - +4 morningstar (protect)
rCold    . . .     Gourm    .   c - +0 shield
rNeg     + . .     Faith    +   k - +0 chain mail
rPois    ∞         Spirit   .   (no helmet)
rElec    +         Reflect  .   (no cloak)
rCorr    .         Harm     .   C - +0 pair of gloves
MR       .....                  B - +0 pair of boots
Stlth    ..........             o - amulet of faith
HPRegen  0.17/turn              q - +2 ring of intelligence
MPRegen  0.11/turn              (no ring)

@: protection aura
A: negative energy resistance 1, electricity resistance, unbreathing,
petrification resistance, rot immunity, AC +6
a: Heroism, Renounce Religion


You were on level 7 of the Dungeon.
You worshipped Okawaru.
Okawaru was most pleased with you.
You were hungry.

You visited 2 branches of the dungeon, and saw 8 of its levels.

You collected 394 gold pieces.

Inventory:

Hand Weapons
 a - a +5 great mace
 z - a +4 morningstar of protection (weapon)
Armour
 c - a +0 shield (worn)
 k - a +0 chain mail (worn)
 B - a +0 pair of boots (worn)
 C - a +0 pair of gloves (worn)
Jewellery
 n - a +2 ring of intelligence
 o - an amulet of faith (around neck)
 q - a +2 ring of intelligence (left hand)
 u - an uncursed amulet of guardian spirit
 A - a cursed -2 ring of dexterity {unknown}
Wands
 l - a wand of polymorph (10)
 t - a wand of random effects (23)
 w - a wand of iceblast (3)
 y - a wand of digging (5)
Scrolls
 b - 2 scrolls of blinking
 e - 10 scrolls of identify
 g - a scroll of random uselessness
 h - 5 scrolls of remove curse
 m - 4 scrolls of magic mapping
 p - 4 scrolls of teleportation
Potions
 d - 4 potions of haste {unknown}
 i - a potion of agility {unknown}
 j - 2 potions of brilliance
 r - 4 potions of heal wounds
 s - a potion of invisibility
 x - 2 potions of curing
Comestibles
 f - 7 rations


   Skills:
 + Level 4.7 Fighting
 * Level 8.7 Maces & Flails
 * Level 7.6 Armour
 + Level 1.6 Dodging
 + Level 1.2 Stealth
 + Level 6.7 Shields
 + Level 0.3 Evocations


You had 8 spell levels left.
You didn't know any spells.
Your spell library was empty.

Dungeon Overview and Level Annotations

Branches:
Dungeon (7/15)             Temple (1/1) D:4

Altars:
Ashenzari
Cheibriados
Dithmenos
Elyvilon
Fedhas
Gozag
Hepliaklqana
Kikubaaqudgha
Nemelex Xobeh
Okawaru
Qazlal
Sif Muna
Trog
Uskayaw
Vehumet
Wu Jian
Xom
Yredelemnul
Zin
The Shining One

Shops:
D:6 [


Innate Abilities, Weirdness & Mutations

You are resistant to torment.
Your stone body is resilient. (AC +6)
You are immune to poison.
You resist negative energy. (rN+)
You are resistant to electric shocks. (rElec)
You can survive without breathing.
You are immune to petrification.
You are immune to rotting.


Message History

The orc priest is lightly wounded.
The scorpion stings you. The orc hits you but does no damage.
The orc priest begins to cast a cantrip, but forgets the words!
You barely miss the orc priest.
The orc priest is lightly wounded.
You block the scorpion's attack. You block the orc priest's attack.
You block the orc's attack.
The scorpion stings you but does no damage.
You sock the orc priest!
The orc priest is severely wounded.
You block the orc priest's attack. You block the orc's attack.
The scorpion stings you.
* * * LOW HITPOINT WARNING * * *
You hit the orc priest but do no damage.
The orc priest is severely wounded.
The orc priest invokes the aid of Beogh against you.
Beogh smites you!
* * * LOW HITPOINT WARNING * * *
You block the orc's attack. The scorpion stings you.
You die...

######## #.# #.
#......####### #.# #. .
#............. #.# #.
..#............####.# #.
..'............#....####.
. #............#.#.......
..#....).......#.#.######
#.....s.......#.#.#
#....Oo@......#.#.#
#.....o.!.....#.#.#
...............#.#.#
...#<.##....[....#.# ..
### #......####.# .
.......... ..#
############


You could see an ogre, a scorpion, an orc priest and an orc.

Vanquished Creatures
  Pikel (D:5)
  The ghost of Incroyableducul the Archer, a novice CeHu (D:5)
  Eustachio (D:4)
  An ice beast (D:7)
  A black bear (D:6)
  3 ogres
  A sky beast (D:6)
  A centaur (D:6)
  A bullfrog (D:6)
  Blork the orc (D:4)
  A scorpion (D:6)
  4 wights (D:6)
  2 crimson imps
  A hound (D:5)
  An orc priest (D:5)
  3 orc wizards
  Natasha (thrice) (D:4 Temple)
  2 worker ants
  A hound zombie (D:6)
  A hound skeleton (D:4)
  6 adders
  2 shadow imps
  An ooze (D:4)
  A worm (D:4)
  5 dart slugs
  6 leopard geckos
  12 orcs
  6 bats
  3 giant cockroaches
  11 goblins
  7 hobgoblins
  13 jackals
  13 kobolds
  4 quokkas
  3 ball pythons
  8 frilled lizards
  A leopard gecko skeleton (D:6)
  A quokka skeleton (D:6)
  9 rats
143 creatures vanquished.

Vanquished Creatures (others)
  An orc wizard (D:6)
1 creature vanquished.

Grand Total: 144 creatures vanquished

Notes
Turn   | Place    | Note
-------+----------+-------------------------------------------
     0 | D:1      | markt42 the Gargoyle Fighter began the quest for the Orb.
     0 | D:1      | Reached XP level 1. HP: 14/14 MP: 1/1
    70 | D:1      | Reached XP level 2. HP: 9/19 MP: 2/2
   465 | D:1      | Reached XP level 3. HP: 21/23 MP: 3/3
  1266 | D:2      | Found an opulent altar of Gozag.
  1267 | D:2      | Found a snail-covered altar of Cheibriados.
  1332 | D:2      | Found a shattered altar of Ashenzari.
  1387 | D:2      | Found a radiant altar of Vehumet.
  1754 | D:2      | Reached skill level 3 in Maces & Flails
  1754 | D:2      | Reached XP level 4. HP: 28/28 MP: 4/4
  1920 | D:2      | Found a shimmering blue altar of Sif Muna.
  2456 | D:3      | Reached XP level 5. HP: 32/32 MP: 5/5
  2483 | D:3      | You fall into a shaft and drop 2 floors!
  2483 | D:5      | Entered Level 5 of the Dungeon
  2712 | D:4      | Noticed Natasha
  2738 | D:4      | Killed Natasha
  3671 | D:4      | Found a staircase to the Ecumenical Temple.
  3689 | D:4      | Noticed Natasha
  3696 | Temple   | Entered the Ecumenical Temple
  3701 | Temple   | Killed Natasha
  3701 | Temple   | Reached XP level 6. HP: 33/37 MP: 6/6
  3756 | Temple   | Noticed Natasha
  3767 | Temple   | Killed Natasha
  3767 | Temple   | Reached skill level 5 in Armour
  4126 | D:4      | Reached skill level 4 in Maces & Flails
  4267 | D:4      | Found a sparkling altar of Nemelex Xobeh.
  4267 | D:4      | Noticed Eustachio
  4407 | D:4      | Killed Eustachio
  4407 | D:4      | Reached skill level 5 in Shields
  4407 | D:4      | Reached XP level 7. HP: 14/42 MP: 2/7
  4608 | D:4      | Reached skill level 1 in Dodging
  4710 | D:4      | Found an ancient bone altar of Kikubaaqudgha.
  4725 | D:4      | Reached skill level 5 in Maces & Flails
  4786 | D:4      | Noticed Blork the orc
  4826 | D:4      | Killed Blork the orc
  5095 | D:5      | Found an iron altar of Okawaru.
  5106 | D:5      | Became a worshipper of Warmaster Okawaru
  5138 | D:5      | Noticed Pikel
  5171 | D:5      | Killed Pikel
  5171 | D:5      | Reached * piety under Okawaru
  5171 | D:5      | Reached skill level 6 in Maces & Flails
  5171 | D:5      | Reached XP level 8. HP: 40/48 MP: 8/8
  5453 | D:5      | Found a transporter.
  5457 | D:5      | Noticed Incroyableducul's ghost (novice CeHu)
  5458 | D:5      | Found a transporter.
  5488 | D:5      | Reached skill level 7 in Maces & Flails
  5498 | D:5      | Killed Incroyableducul's ghost
  5498 | D:5      | Reached ** piety under Okawaru
  5498 | D:5      | Reached skill level 1 in Stealth
  5498 | D:5      | Reached XP level 9. HP: 52/52 MP: 9/9
  5589 | D:6      | Found Omuvirph's Armour Boutique.
  5597 | D:6      | Found a white marble altar of Elyvilon.
  5644 | D:6      | Found a blossoming altar of Fedhas.
  5688 | D:6      | Reached skill level 8 in Maces & Flails
  6342 | D:6      | Found a shimmering altar of Xom.
  6544 | D:7      | Reached *** piety under Okawaru
  6609 | D:7      | Slain by a scorpion

Levels and vault maps discovered:
D:1:      dpeg_arrival_morbid_curiosity, layout_loops_ring
D:2:      layout_loops_corners, old_standard_altar, fiery_altar_vehumet,
          lemuel_blue_sif_altar, chequers_temple_overflow_statue_of_worship,
          grunt_decor_clamped
D:3:      minmay_wonky_spiral, layout_basic, first_ration,
          ebering_dispersal_statue_hall
D:4:      layout_loops_ring, kiku_gazebo_pond_becter, lemuel_crystal_altar,
          minmay_temple_entry_water_ring, kennysheep_minor_cross,
          minmay_diced_spiral, uniq_natasha, uniq_eustachio, uniq_blork_the_orc
D:5:      layout_rooms, okawaru_trees_1, gammafunk_ghost_smash, uniq_pikel
D:6:      layout_loops_cross, lemuel_doored_altar, elyvilon_altar_5,
          old_standard_altar, serial_shops, shop, minmay_joined_circles
D:7:      layout_basic
Temple:   compressed_dpeg_triangle_lava_temple

Skill      XL: |  1  2  3  4  5  6  7  8  9 |
---------------+----------------------------+-----
Maces & Flails | 3 4 6 7 8 |  8.7
Shields        | 4 5 6 |  6.7
Armour         | 4 5 6 7 |  7.6
Dodging        | 1 |  1.6
Fighting       | 4 |  4.7
Stealth        | 1 |  1.2
Evocations     | |  0.3

Action                   |  1- 3 |  4- 6 |  7- 9 || total
-------------------------+-------+-------+-------++-------
Melee: Flail             |   206 |   415 |   124 ||   745
       Morningstar       |       |       |   123 ||   123
Evoke: Wand              |       |       |     4 ||     4
  Use: Potion            |       |     2 |     4 ||     6
       Scroll            |       |     1 |    10 ||    11
 Stab: Invisible         |       |       |     3 ||     3
  Eat: Chunk             |     2 |     7 |     7 ||    16
       Ration            |       |     1 |       ||     1
Armor: Scale mail        |   106 |       |       ||   106
       Chain mail        |    18 |   355 |   152 ||   525
Dodge: Dodged            |    82 |   126 |    74 ||   282
Block: Shield            |   116 |   291 |   135 ||   542
